 Dungeon Crawl Stone Soup version 0.30.2 (webtiles) character file.

Game seed: 1912690469265180233

829 mopl the Cudgeller (level 8, 0/68 HPs)
             Began as a Meteoran Berserker on Feb 10, 2024.
             Was a Believer of Trog.
             Slain by Maggie
             ... wielding a +0 glaive of flaming
              (14 damage)
             ... on level 6 of the Dungeon.
             The game lasted 00:03:49 (767 turns).

mopl the Cudgeller (Meteoran Berserker)              Turns: 767, Time: 00:03:49

Health: 0/68       AC:  9    Str: 24    XL:     8   Next: 41%
Magic:  18/18      EV: 12    Int: 12    God:    Trog [**....]
Gold:   95         SH:  0    Dex: 14    Spells: 7/7 levels left

rFire   . . .        a - +0 dire flail
rCold   . . .        (shield currently unavailable)
rNeg    . . .        h - +1 scale mail of Distant Worlds {+Inv Str+3 Int+4 SInv}
rPois   .            (no helmet)
rElec   .            (no cloak)
rCorr   .            o - +0 pair of gloves
SInv    +            (no boots)
Will    +....        (no amulet) Stlth
                     e - ring of magical power
HPRegen 0.31/turn    (no ring)
MPRegen 0.16/turn

%: no passive effects
@: mesmerised, glowing
A: sense surroundings 1, otherworldly, glowing, explore regen
a: Renounce Religion, Evoke Invisibility, Berserk, Trog's Hand


You were on level 6 of the Dungeon.
You worshipped Trog.
Trog was pleased with you.
You visited 1 branch of the dungeon, and saw 6 of its levels.

You collected 95 gold pieces.

Inventory:

Hand Weapons
 a - a +0 dire flail (weapon)
Missiles
 n - 4 poisoned darts (quivered)
Armour
 f - a +0 plate armour
 h - the +1 scale mail of Distant Worlds (worn) {+Inv Str+3 Int+4 SInv}
   (You found it on level 2 of the Dungeon)

   Str:       It affects your strength (+3).
   Int:       It affects your intelligence (+4).
   SInv:      It lets you see invisible.
   +Inv:      It lets you turn invisible.
 m - +0 acid dragon scales
 o - a +0 pair of gloves (worn)
Jewellery
 e - a ring of magical power (left hand)
Wands
 k - a wand of iceblast (12)
Scrolls
 b - a scroll of fog {unknown}
 j - 2 scrolls of identify {unknown}
 l - a scroll of amnesia {unknown}
Potions
 c - 2 potions of heal wounds {unknown}
 d - a potion of brilliance {unknown}
 g - a potion of flight {unknown}
 i - a potion of curing {unknown}
 p - a potion of cancellation {unknown}
 q - a potion of lignification {unknown}


   Skills:
 + Level 5.0 Fighting
 * Level 7.6 Maces & Flails
 + Level 2.3 Throwing
 + Level 4.7 Armour
 + Level 4.6 Dodging
 + Level 3.3 Evocations


You had 7 spell levels left.
You didn't know any spells.
Your spell library was empty.

Dungeon Overview and Level Annotations

Branches:
Dungeon (6/15) Zot: 2802   Temple (0/1) D:6

Altars:

Shops:
D:4 =   D:6 (

Annotations:
D:6 Maggie


Innate Abilities, Weirdness & Mutations

You passively map a small area around you.
You are easily found by Zot.
You glow in the dark.
You regain HP and MP as you explore.


Message History

Trog accepts your kill. The white imp hits you. The white imp freezes you.
Maggie casts a spell.
Maggie draws you further into her thrall.
You hit Maggie but do no damage. The white imp misses you.
Maggie barely misses you.
You puncture Maggie!
Maggie is moderately wounded.
The white imp barely misses you.
Maggie hits you with a +0 glaive of flaming.
Maggie burns you.
You sock Maggie!
Maggie is heavily wounded.
Maggie completely misses you.
The white imp hits you but does no damage.
You barely miss Maggie.
Maggie is heavily wounded.
The white imp barely misses you. Maggie hits you but does no damage.
You sock Maggie!
Maggie is severely wounded.
Maggie hits you with a +0 glaive of flaming!
* * * LOW HITPOINT WARNING * * *
Maggie burns you.
* * * LOW HITPOINT WARNING * * *
The white imp barely misses you.
You are too mesmerised to rage.
You closely miss Maggie.
Maggie is severely wounded.
Maggie hits you but does no damage. The white imp closely misses you.
You hit Maggie but do no damage.
Maggie is severely wounded.
Maggie mumbles some strange words.
Maggie draws you further into her thrall.
The white imp hits you but does no damage.
You impale Maggie!!
Maggie is almost dead.
The white imp hits you but does no damage.
Maggie says, "Leave now, and tell all of Margery's mercy!"
Maggie hits you with a +0 glaive of flaming!
You die...

## * * * * ### .# ,, ,
,, ..# .# * ** ** ##>###
* * .# , ,,, .... , *
.###############.#######
*
................@@......
.###############5###....
, , .# #.# * . * .# #.#
* .# #.# * .# * * **#.#
* .# ,, , ..# , .# *
***** ### ..,,, , ,


You could see Maggie (mesmerising) and a white imp.

Vanquished Creatures
  Pikel (D:6)
  An acid dragon (D:4)
  An ice beast (D:4)
  A jelly (D:6)
  A hound (D:6)
  A sleepcap (D:6)
  4 adders
  2 dart slugs (D:1)
  An orc (D:6)
  An endoplasm (D:1)
  2 giant cockroaches (D:2)
  3 goblins
  6 hobgoblins
  3 jackals (D:2)
  5 kobolds
  3 ball pythons
  A bat (D:1)
  3 frilled lizards (D:1)
40 creatures vanquished.

Notes
Turn   | Place    | Note
-------+----------+-------------------------------------------
     0 | D:1      | mopl the Meteoran Berserker began the quest for the Orb.
     0 | D:1      | Reached XP level 1. HP: 19/19 MP: 2/2
    42 | D:1      | Reached XP level 2. HP: 18/26 MP: 3/3
    91 | D:1      | Reached XP level 3. HP: 11/31 MP: 4/4
   218 | D:2      | Reached skill level 5 in Maces & Flails
   218 | D:2      | Reached XP level 4. HP: 36/40 MP: 5/5
   267 | D:2      | Identified the +1 scale mail of Distant Worlds {+Inv Str+3
                  | Int+4 SInv}
   448 | D:4      | Noticed an ice beast
   448 | D:4      | Found Uqammiutt's Jewellery Shoppe.
   458 | D:4      | Killed an ice beast
   459 | D:4      | Reached skill level 1 in Evocations
   459 | D:4      | Reached XP level 5. HP: 46/46 MP: 6/6
   469 | D:4      | Reached XP level 6. HP: 52/52 MP: 7/7
   482 | D:3      | Found a faded altar of an unknown god.
   533 | D:4      | Noticed an acid dragon
   542 | D:4      | Killed an acid dragon
   543 | D:4      | Reached skill level 6 in Maces & Flails
   563 | D:5      | Entered Level 5 of the Dungeon
   608 | D:6      | Reached XP level 7. HP: 59/60 MP: 8/8
   614 | D:6      | Found Fuxtolam's Weapon Emporium.
   628 | D:6      | Found a staircase to the Ecumenical Temple.
   683 | D:6      | Reached ** piety under Trog
   704 | D:6      | Noticed Pikel
   716 | D:6      | Killed Pikel
   717 | D:6      | Reached skill level 5 in Fighting
   717 | D:6      | Reached skill level 7 in Maces & Flails
   717 | D:6      | Reached XP level 8. HP: 41/68 MP: 9/9
   747 | D:6      | Noticed Maggie
   767 | D:6      | Slain by Maggie

Illustrated notes

Levels and vault maps discovered:
D:1:      tarquinn_simple_flora_water_d, layout_rooms, minmay_misc_feat_room
D:2:      layout_basic, basic_altar, minmay_pentomino_p4
D:3:      layout_basic, chequers_ecumenical_altar_island,
          kennysheep_generic_room_6
D:4:      layout_layer_cave, serial_shops, nicolae_stop_n_shop_1, uniq_ijyb
D:5:      layout_loops_ring, nicolae_overflow_hidden_temple,
          minmay_crystal_room, nicolae_shop_sticking_my_neck_out
D:6:      layout_basic, nicolae_kikubaaqudgha_miasma_corner,
          minmay_temple_entry_sparse_star, gup_ossuary_entry_pyramid,
          serial_shops, nicolae_shop_bloodbath_and_beyond, uniq_pikel,
          uniq_maggie

Skill      XL: |  1  2  3  4  5  6  7 |
---------------+----------------------+-----
Maces & Flails | 5 6 7 |  7.6
Armour         | 3 4 |  4.7
Dodging        | 3 4 |  4.6
Fighting       | 4 5 |  5.0
Evocations     | 1 2 3 |  3.3
Throwing       | 2 |  2.3

Action                     |  1- 3 |  4- 6 |  7- 9 || total
---------------------------+-------+-------+-------++-------
  Melee: Mace              |    73 |    26 |       ||    99
         Punch             |       |     1 |       ||     1
         Dire flail        |       |     9 |    41 ||    50
 Invoke: Berserk           |       |     2 |       ||     2
 Armour: Animal skin       |     5 |       |       ||     5
         Plate armour      |    32 |     1 |       ||    33
         Scale mail        |       |     7 |    24 ||    31
  Dodge: Dodged            |    28 |    15 |    23 ||    66
